 Dungeon Crawl Stone Soup version 0.28-a0-1206-g193881aaa2 (webtiles) character file.

Game seed: 7031359034172579254

350 miscthings the Insei (level 6, 0/43 HPs)
             Began as a Merfolk Transmuter on Dec 20, 2021.
             Slain by a scorpion (5 damage)
             ... on level 5 of the Dungeon on Dec 21, 2021.
             The game lasted 00:08:50 (4817 turns).

miscthings the Insei (Merfolk Transmuter)           Turns: 4817, Time: 00:08:50

Health: 0/43       AC:  6    Str: 12    XL:     6   Next: 61%
Magic:  12/12      EV: 11    Int: 13    God:
Gold:   256        SH:  0    Dex: 14    Spells: 5/13 levels left

rFire   . . .      SeeInvis .     - Unarmed
rCold   . . .      Faith    .   (no shield)
rNeg    . . .      Spirit   .   k - +0 ring mail
rPois   .          Reflect  .   (no helmet)
rElec   .          Harm     .   (no cloak)
rCorr   .          Rampage  .   j - +0 pair of gloves
Will    .....                   (no boots)
Stlth   +.........              (no amulet)
HPRegen 0.14/turn               (no ring)
MPRegen 0.13/turn               (no ring)

@: lethally poisoned (0 -> -2)
A: (nimble swimmer 2), mertail
a: no special abilities


You were on level 5 of the Dungeon.
You visited 1 branch of the dungeon, and saw 5 of its levels.

You collected 256 gold pieces.

Inventory:

Armour
 a - a +0 robe
 j - a +0 pair of gloves (worn)
 k - a +0 ring mail (worn)
Magical Staves
 d - a staff of cold
Scrolls
 e - 2 scrolls of immolation {unknown}
 g - 4 scrolls of identify {unknown}
 h - a scroll of enchant weapon {unknown}
 i - a scroll of enchant armour {unknown}
 m - a scroll of teleportation {unknown}
Potions
 b - a potion of heal wounds
 c - a potion of cancellation {unknown}
 f - a potion of degeneration {unknown}
 l - a potion of curing {unknown}


   Skills:
 - Level 1.1 Fighting
 - Level 2.6 Dodging
 - Level 5.7 Unarmed Combat
 - Level 4.0 Spellcasting
 + Level 4.8 Transmutations


You had 5 spell levels left.
You knew the following spells:

 Your Spells              Type           Power      Damage    Failure   Level
a - Beastly Appendage     Tmut           30%        N/A       7%          1
b - Spider Form           Tmut/Pois      8%         N/A       47%         3
c - Ice Form              Ice/Tmut       8%         N/A       87%         4

Your spell library contained the following spells:

 Spells                   Type           Power      Damage    Failure   Level
 Wereblood                Tmut           15%        N/A       10%         2


Dungeon Overview and Level Annotations

Branches:
Dungeon (5/15)
 Temple: D:4-7

Altars:
Dithmenos
Hepliaklqana
Kikubaaqudgha
Nemelex Xobeh
Okawaru
Trog

Shops:
D:2 !


Innate Abilities, Weirdness & Mutations

((You are quick and stealthy near water. (Stealth+, EV+, Speed+++)))
Your lower body shifts to a powerful aquatic tail in water.


Message History

You feel very sick. The scorpion closely misses you.
Casting: Beastly Appendage (safe; 7% risk of failure)
Confirm with . or Enter, or press ? or * to list all spells.
Okay, then.
You hit the scorpion.
The scorpion is moderately wounded.
You feel sick. The scorpion stings you.
You are more poisoned.
The scorpion poisons you!
You hit the scorpion but do no damage.
The scorpion is moderately wounded.
You feel very sick. The scorpion barely misses you.
You hit the scorpion.
The scorpion is heavily wounded.
You feel very sick.
The scorpion stings you but does no damage.
You hit the scorpion but do no damage.
The scorpion is heavily wounded.
You feel sick. The scorpion closely misses you.
You aren't carrying any items that you can evoke.
Unknown command.
You barely miss the scorpion.
The scorpion is heavily wounded.
You feel sick. The scorpion stings you.
You hit the scorpion but do no damage.
The scorpion is heavily wounded.
You feel sick. The scorpion stings you.
* * * LOW HITPOINT WARNING * * *
You hit the scorpion.
The scorpion is heavily wounded.
You feel sick. The scorpion closely misses you.
You hit the scorpion. Your punch misses the scorpion.
The scorpion is severely wounded.
You feel sick. The scorpion misses you.
You hit the scorpion but do no damage.
The scorpion is severely wounded.
You feel sick. The scorpion stings you.
You die...

..#
###....Y.....#..####
..# ##...........#.##
...##..............#
.....[..##.......###
........##.......#
........####.#..##
........####.#..#
................##
................@##
................s.#
................#.#
................#...
....####..............
.##.## ##.############
###..####.##########
....................
######.#..##########


You could see a scorpion.

Vanquished Creatures
  Edmund (D:4)
  A scorpion (D:4)
  A bullfrog skeleton (D:4)
  A hound zombie (D:5)
  4 gnolls (D:3)
  4 adders
  A worm (D:2)
  A dart slug (D:4)
  3 orcs (D:4)
  6 endoplasms
  A giant cockroach (D:1)
  3 goblins
  6 hobgoblins
  4 jackals
  3 quokkas
  4 ball pythons
  2 bats
  A frilled lizard (D:2)
  3 kobolds
  4 rats
54 creatures vanquished.

Notes
Turn   | Place    | Note
-------+----------+-------------------------------------------
     0 | D:1      | miscthings the Merfolk Transmuter began the quest for the
                  | Orb.
     0 | D:1      | Reached XP level 1. HP: 15/15 MP: 3/3
   309 | D:1      | Found a faded altar of an unknown god.
   815 | D:1      | Reached XP level 2. HP: 8/21 MP: 3/5
  1012 | D:2      | Reached skill level 4 in Unarmed Combat
  1075 | D:2      | Found Xityciz's Distillery.
  1266 | D:2      | Reached XP level 3. HP: 12/26 MP: 6/6
  1516 | D:2      | Found a shadowy altar of Dithmenos.
  1769 | D:3      | Found a sparkling altar of Nemelex Xobeh.
  1908 | D:3      | Found a bloodstained altar of Trog.
  1922 | D:3      | Reached skill level 5 in Unarmed Combat
  2091 | D:3      | Reached XP level 4. HP: 19/32 MP: 5/7
  2426 | D:3      | Found a hazy altar of Hepliaklqana.
  2531 | D:3      | Learned a level 3 spell: Spider Form
  3097 | D:4      | Reached XP level 5. HP: 27/37 MP: 6/8
  3591 | D:4      | Found an iron altar of Okawaru.
  3619 | D:4      | Noticed Edmund
  3941 | D:4      | Found an ancient bone altar of Kikubaaqudgha.
  4233 | D:5      | Entered Level 5 of the Dungeon
  4270 | D:5      | Reached XP level 6. HP: 40/43 MP: 9/11
  4290 | D:5      | Noticed an ice beast
  4306 | D:4      | Learned a level 4 spell: Ice Form
  4358 | D:4      | Killed Edmund
  4817 | D:5      | Slain by a scorpion

Illustrated notes

Levels and vault maps discovered:
D:1:      dpeg_arrival_lava_temple_mockup, layout_basic,
          nicolae_ecumenical_lake_church, hex_tiny
D:2:      layout_loops_ring, basic_altar, serial_shops, shop,
          nicolae_concentric_dashed_squares_wild
D:3:      layout_basic, nicolae_hepliaklqana_hazy_memory, lemuel_round_altar,
          nemelex_xobeh_ov_fountains_minmay
D:4:      layout_loops_ring, kiku_gazebo_garden_becter,
          okawaru_ov_weapons_minmay, uniq_edmund
D:5:      layout_rooms, mainiacjoe_overflow_alcove_2, mainiacjoe_overflow_paths,
          uniq_duvessa

Skill      XL: |  1  2  3  4  5  6 |
---------------+-------------------+-----
Unarmed Combat | 4 5 |  5.7
Transmutations | 3 4 |  4.8
Spellcasting   | 3 4 |  4.0
Fighting       | |  1.1
Dodging        | |  2.6

Action                   |  1- 3 |  4- 6 || total
-------------------------+-------+-------++-------
Melee: Unarmed           |    91 |   112 ||   203
       Headbutt          |    12 |    10 ||    22
       Punch             |     1 |     1 ||     2
 Cast: Beastly Appendage |    19 |    15 ||    34
       Spider Form       |       |     1 ||     1
  Use: Potion            |       |     1 ||     1
 Stab: Sleeping          |     1 |       ||     1
Armor: Robe              |    14 |     6 ||    20
       Ring mail         |       |     8 ||     8
Dodge: Dodged            |    54 |    52 ||   106

Table legend: (Time is in decaauts)
 A = Elapsed time spent in this place.
 B = Non-inter-level travel time spent in this place.
 C = Inter-level travel time spent in this place.
 D = Time resting spent in this place.
 E = Time spent auto-exploring this place.
 F = Levels seen in this place.
 G = Mean time per level.
                   A        B        C        D        E       F      G
               +--------+--------+--------+--------+--------+-----+--------+
         Total |   4787 |   4502 |    285 |   1601 |   2074 |   5 |  957.4 |
       Dungeon |   4787 |   4502 |    285 |   1601 |   2074 |   5 |  957.4 |
               +--------+--------+--------+--------+--------+-----+--------+

Top non-repeatable levels by time:
     D:3: 1421 daAuts
     D:4: 1326 daAuts
     D:1: 980 daAuts
     D:2: 718 daAuts
     D:5: 341 daAuts
